 Dungeon Crawl Stone Soup version 0.27.1-1-g398f81649c (webtiles) character file.

Game seed: 8924483115280119981

445 acemry the Cleaver (level 6, -1/51 HPs)
             Began as a Minotaur Fighter on Sept 5, 2021.
             Was a Follower of Okawaru.
             Killed from afar by Dowan (23 damage)
             ... with a shard of ice
             ... on level 4 of the Dungeon.
             The game lasted 00:07:01 (3879 turns).

acemry the Cleaver (Minotaur Fighter)               Turns: 3879, Time: 00:07:02

Health: -1/51      AC:  7    Str: 23    XL:     6   Next: 72%
Magic:  5/5        EV: 24    Int:  5    God:    Okawaru [*.....]
Gold:   206        SH:  0    Dex: 15    Spells: 5/5 levels left

rFire    . . .     SeeInvis .   a - +0 war axe (freeze)
rCold    . . .     Faith    .   (no shield)
rNeg     . . .     Spirit   .   b - +1 scale mail
rPois    .         Reflect  .   (helmet restricted)
rElec    .         Harm     .   (no cloak)
rCorr    .         Rampage  .   (no gloves)
Will     .....                  (no boots)
Stlth    ..........             g - amulet of the acrobat
HPRegen  0.17/turn              j - +6 ring of dexterity
MPRegen  0.09/turn              (no ring)

@: acrobatic
A: horns 2, retaliatory headbutt
a: Renounce Religion, Heroism


You were on level 4 of the Dungeon.
You worshipped Okawaru.
Okawaru was aware of your devotion.
You visited 2 branches of the dungeon, and saw 5 of its levels.
You also visited: Sewer.

You collected 206 gold pieces.

Inventory:

Hand Weapons
 a - a +0 war axe of freezing (weapon)
 u - a +1 long sword of holy wrath
Missiles
 k - 6 poisoned darts (quivered)
Armour
 b - a +1 scale mail (worn)
 c - a +0 kite shield
Jewellery
 e - a ring of fire
 g - an amulet of the acrobat (around neck)
 j - a +6 ring of dexterity (left hand)
 s - a ring of flight
Scrolls
 h - a scroll of identify
 o - a scroll of fog {unknown}
 p - a scroll of fear {unknown}
 q - a scroll of teleportation {unknown}
 r - a scroll of summoning {unknown}
 v - a scroll of noise {unknown}
Potions
 d - a potion of might
 f - a potion of mutation {unknown}
 i - a potion of brilliance {unknown}
 l - 4 potions of flight
 m - 2 potions of magic
 t - a potion of berserk rage {unknown}
 w - a potion of lignification {unknown}


   Skills:
 - Level 3.6 Fighting
 + Level 8.8 Axes
 - Level 3.6 Armour
 - Level 3.6 Shields


You had 5 spell levels left.
You didn't know any spells.
Your spell library contained the following spells:

 Spells                   Type           Power      Damage    Failure   Level
 Magic Dart               Conj           0%         1d3       78%         1
 Call Imp                 Summ           0%         N/A       89%         2
 Mephitic Cloud           Conj/Pois/Air  0%         N/A       98%         3
 Ozocubu's Armour         Ice            0%         N/A       98%         3
 Animate Armour           Summ/Erth      0%         N/A       100%        4
 Passage of Golubria      Tloc           N/A        N/A       100%        4
 Metabolic Englaciation   Hex/Ice        0%         N/A       100%        5
 Silence                  Hex/Air        0%         N/A       100%        5
 Lehudib's Crystal Spear  Conj/Erth      0%         10d2      100%        8


Dungeon Overview and Level Annotations

Branches:
Dungeon (4/15)             Temple (1/1) D:4           Sewer (visited)

Altars:
Cheibriados
Dithmenos
Fedhas
Hepliaklqana
Kikubaaqudgha
Nemelex Xobeh
Okawaru
Qazlal
Ru
Uskayaw
Vehumet
Wu Jian
Yredelemnul

Annotations:
D:4 Dowan


Innate Abilities, Weirdness & Mutations

You have a pair of horns on your head.
You reflexively headbutt those who attack you in melee.


Message History

You hit Dowan. You freeze Dowan. Your headbutt misses Dowan.
Dowan is moderately wounded.
Dowan hits you with a +0 dagger. x2
You closely miss Dowan. You headbutt Dowan!
Dowan is heavily wounded.
Dowan points at you and mumbles some strange words.
The stone arrow hits you!
* * * LOW HITPOINT WARNING * * *
You barely miss Dowan.
Dowan is heavily wounded.
Dowan hits you but does no damage. Dowan barely misses you.
It was a potion of magic.
Magic courses through your body. Dowan hits you but does no damage.
You are confused.
You feel invigorated. Dowan hits you but does no damage. x2
You bump into the rock wall.
Dowan barely misses you.
You bump into the rock wall.
You feel less invigorated.
You feel less confused. Dowan misses you. You furiously retaliate!
You headbutt Dowan, but do no damage.
Dowan breathes, "And she was my only..."
Dowan hits you but does no damage.
You barely miss Dowan.
Dowan is heavily wounded.
Dowan hits you but does no damage.
You hit Dowan. You freeze Dowan.
Dowan is severely wounded.
Dowan hits you but does no damage. x2
You barely miss Dowan. You headbutt Dowan.
Dowan is almost dead.
Dowan casts a spell.
Dowan blinks!
Dowan mumbles some strange words.
Dowan blinks!
Things that are here:
a +0 rapier; a +0 scale mail; the elf corpse of Duvessa Dowan says, "Magic will overcome all!"
Dowan gestures at you while chanting. The shard of ice hits you!!
You die...

#..##.#.##.#.....#
#..##.#.##.<.....#
#.[##.#.##.....###
#..##.#.#####.##
#.....#.......#
#e.......####.#
#.###.#.### #.#
#.# #.....# #.#
#@# #.....###.#
#.# #.........####
#.# #...#.........
#.# #....#........
..# ###.#.#.......
#..# #..##.#......
#... #.####.#.....
#.## #..# ##.#....
#. #### ##.#...


You could see Dowan (fast).

Vanquished Creatures
  Duvessa (D:4)
  Blork the orc (D:4)
  A jelly (D:4)
  9 adders
  A white imp (D:4)
  5 worms
  A dart slug (D:1)
  13 orcs
  7 ball pythons
  12 endoplasms
  4 giant cockroaches
  7 goblins
  5 hobgoblins
  12 jackals
  7 quokkas
  10 bats
  7 frilled lizards
  7 kobolds
  4 rats
114 creatures vanquished.

Vanquished Creatures (others)
  An orc wizard (D:4)
1 creature vanquished.

Grand Total: 115 creatures vanquished

Notes
Turn   | Place    | Note
-------+----------+-------------------------------------------
     0 | D:1      | acemry the Minotaur Fighter began the quest for the Orb.
     0 | D:1      | Reached XP level 1. HP: 19/19 MP: 0/0
    71 | D:1      | Reached skill level 3 in Axes
    73 | D:1      | Reached XP level 2. HP: 22/26 MP: 1/1
   119 | D:1      | Found a faded altar of an unknown god.
   406 | D:1      | Reached skill level 4 in Axes
   628 | D:2      | Reached XP level 3. HP: 31/31 MP: 2/2
   932 | D:2      | Reached skill level 5 in Axes
  1244 | D:2      | Got the Reference Book on Earth and the Glacier
  1258 | D:2      | Reached XP level 4. HP: 39/39 MP: 3/3
  2059 | D:3      | Reached skill level 6 in Axes
  2244 | D:3      | Found a sacrificial altar of Ru.
  2244 | D:3      | Found a blossoming altar of Fedhas.
  2445 | D:4      | Reached XP level 5. HP: 45/45 MP: 4/4
  2445 | D:4      | Found a glowing drain.
  2478 | Sewer    | Entered a sewer
  3228 | D:4      | Found a staircase to the Ecumenical Temple.
  3244 | Temple   | Entered the Ecumenical Temple
  3342 | Temple   | Became a worshipper of Warmaster Okawaru
  3365 | D:4      | Reached skill level 7 in Axes
  3578 | D:4      | Noticed Blork the orc
  3587 | D:4      | Killed Blork the orc
  3588 | D:4      | Reached XP level 6. HP: 33/51 MP: 5/5
  3711 | D:4      | Reached skill level 8 in Axes
  3843 | D:4      | Noticed Duvessa
  3843 | D:4      | Noticed Dowan
  3863 | D:4      | Killed Duvessa
  3863 | D:4      | Reached * piety under Okawaru
  3879 | D:4      | Killed from afar by Dowan

Illustrated notes

Levels and vault maps discovered:
D:1:      wander_arrival_fairy_ring, layout_rooms,
          ebering_ecumenical_altar_abandoned, serial_park_tiny_1
D:2:      layout_basic, minmay_fountain_box, minmay_ruptured
D:3:      layout_rooms, gammafunk_temple_overflow_wave, serial_corexii_hall,
          chequers_hall_statues_corner_a, corexii_hall_statues_l,
          grunt_ministairs_7
D:4:      wad_pebble_path, layout_loops_ring, minmay_temple_entry_glassed_door,
          portal_sewer_entry_f, minmay_checkerbox, uniq_blork_the_orc,
          uniq_duvessa
Temple:   eino_temple_rhombus

Skill      XL: |  1  2  3  4  5  6 |
---------------+-------------------+-----
Axes           | 3 4 5 6 7 8 |  8.8
Fighting       | |  3.6
Armour         | |  3.6
Shields        | |  3.6

Action                   |  1- 3 |  4- 6 || total
-------------------------+-------+-------++-------
Melee: War axe           |    77 |   165 ||   242
       Headbutt          |     6 |    32 ||    38
  Use: Scroll            |     4 |     2 ||     6
       Potion            |       |     5 ||     5
Armor: Scale mail        |    48 |    79 ||   127
Dodge: Dodged            |    63 |    85 ||   148
